 Dungeon Crawl Stone Soup version 0.28-a0-1638-g9123634e07 (webtiles) character file.

Game seed: 1370500004039680892

314 vineage the Skirmisher (level 6, 0/44 HPs)
             Began as a Gargoyle Fighter on Jan 25, 2022.
             Slain by an ogre (26 damage)
             ... on level 4 of the Dungeon.
             The game lasted 00:02:53 (3929 turns).

vineage the Skirmisher (Gargoyle Fighter)           Turns: 3929, Time: 00:02:54

Health: 0/44       AC: 12    Str: 20    XL:     6   Next: 43%
Magic:  15/15      EV:  9    Int:  8    God:
Gold:   1227       SH:  9    Dex: 11    Spells: 5/5 levels left

rFire   . . .      SeeInvis .   a - +0 flail
rCold   . . .      Faith    .   c - +0 buckler
rNeg    + . .      Spirit   .   b - +0 scale mail
rPois   ∞          Reflect  +   (no helmet)
rElec   +          Harm     .   f - +0 cloak
rCorr   .          Rampage  .   (no gloves)
Will    .....                   (no boots)
Stlth   ..........              j - amulet of reflection
HPRegen 0.14/turn               g - ring of magical power
MPRegen 0.14/turn               (no ring)

@: no status effects
A: sickness immunity, AC +4, negative energy resistance 1, electricity
resistance, torment resistance 1, petrification resistance
a: no special abilities


You were on level 4 of the Dungeon.
You visited 1 branch of the dungeon, and saw 4 of its levels.

You collected 1227 gold pieces.

Inventory:

Hand Weapons
 a - a +0 flail (weapon)
Armour
 b - a +0 scale mail (worn)
 c - a +0 buckler (worn)
 f - a +0 cloak (worn)
Jewellery
 g - a ring of magical power (left hand)
 i - an amulet of magic regeneration
 j - an amulet of reflection (around neck)
 n - a ring of resist corrosion
Scrolls
 d - a scroll of vulnerability
Potions
 e - a potion of heal wounds
 k - a potion of degeneration {unknown}
 l - a potion of magic {unknown}
 m - a potion of lignification {unknown}
 q - a potion of curing {unknown}


   Skills:
 * Level 7.7 Fighting
 - Level 2.0 Maces & Flails
 - Level 3.2 Armour
 - Level 3.2 Shields


You had 5 spell levels left.
You didn't know any spells.
Your spell library was empty.

Dungeon Overview and Level Annotations

Branches:
Dungeon (4/15)
 Temple: D:4-7

Altars:


Innate Abilities, Weirdness & Mutations

You are immune to sickness and miasma.
Your stone body is resilient. (AC +4)
You are immune to poison.
You resist negative energy. (rN+)
You are resistant to electric shocks. (rElec)
You are resistant to unholy torment.
You are immune to petrification.


Message History

Ouch! That really hurt!
You are too injured to fight recklessly!
You are too injured to fight recklessly!
You are too injured to fight recklessly!
You are too injured to fight recklessly!
You are too injured to fight recklessly!
You are too injured to fight recklessly!
You are too injured to fight recklessly!
You are too injured to fight recklessly!
You are too injured to fight recklessly!
You are too injured to fight recklessly!
You are too injured to fight recklessly!
You are too injured to fight recklessly!
You are too injured to fight recklessly!
You are too injured to fight recklessly!
You are too injured to fight recklessly!
You feel much better.
You hit the ogre.
The ogre is moderately wounded.
The ogre hits you but does no damage.
You sock the ogre!
The ogre is severely wounded.
The ogre hits you with a +0 giant club. You block the hobgoblin's attack. x2
You completely miss the ogre.
The ogre is severely wounded.
The ogre barely misses you. You block the hobgoblin's attack.
You hit the ogre but do no damage.
The ogre is severely wounded.
The ogre closely misses you. You block the hobgoblin's attack.
The ogre completely misses you.
You hit the ogre.
The ogre is severely wounded.
The hobgoblin hits you but does no damage.
You block the hobgoblin's attack. The ogre closely misses you.
You hit the ogre but do no damage.
The ogre is severely wounded.
You block the hobgoblin's attack.
The ogre hits you with a +0 giant club!!
Ouch! That really hurt!
You die...

#...........
#...........
#...........
#...........
#.........
#####>......
........Og#
........@.#
..........#
..........#
..........#
######'###.#
#<......#
#.......#
#.......+
#.......#


You could see an ogre and a hobgoblin.

Vanquished Creatures
  Crazy Yiuf (D:3)
  Jessica (D:2)
  Natasha (thrice) (D:2)
  A centaur skeleton (D:3)
  Terence (D:3)
  4 gnolls (D:3)
  3 adders
  A worm (D:2)
  2 dart slugs (D:1)
  9 endoplasms
  3 giant cockroaches
  4 goblins
  8 hobgoblins
  6 kobolds
  3 quokkas
  4 ball pythons
  4 bats
  A frilled lizard (D:2)
  3 rats
62 creatures vanquished.

Vanquished Creatures (others)
  2 fungi (D:3)
2 creatures vanquished.

Grand Total: 64 creatures vanquished

Notes
Turn   | Place    | Note
-------+----------+-------------------------------------------
     0 | D:1      | vineage the Gargoyle Fighter began the quest for the Orb.
     0 | D:1      | Reached XP level 1. HP: 14/14 MP: 1/1
   394 | D:1      | Reached skill level 4 in Fighting
   394 | D:1      | Reached XP level 2. HP: 20/20 MP: 2/2
   989 | D:1      | Reached XP level 3. HP: 19/24 MP: 3/3
  1078 | D:1      | Found a faded altar of an unknown god.
  1457 | D:2      | Reached skill level 5 in Fighting
  1525 | D:2      | Reached XP level 4. HP: 28/31 MP: 4/4
  1798 | D:2      | Noticed Jessica
  1815 | D:2      | Killed Jessica
  2149 | D:2      | Noticed Natasha
  2154 | D:2      | Killed Natasha
  2155 | D:2      | Reached skill level 6 in Fighting
  2155 | D:2      | Reached XP level 5. HP: 31/36 MP: 5/5
  2620 | D:2      | Noticed Natasha
  2632 | D:2      | Killed Natasha
  2698 | D:2      | Noticed Natasha
  2704 | D:2      | Killed Natasha
  2707 | D:2      | Identified a scroll of acquirement
  2707 | D:2      | Acquired 1110 gold pieces
  3062 | D:3      | Reached skill level 7 in Fighting
  3223 | D:3      | Reached XP level 6. HP: 41/44 MP: 6/6
  3646 | D:3      | Noticed Terence
  3674 | D:3      | Killed Terence
  3783 | D:3      | Found a runed translucent door.
  3784 | D:3      | Noticed Crazy Yiuf
  3822 | D:3      | Killed Crazy Yiuf
  3929 | D:4      | Slain by an ogre

Illustrated notes

Levels and vault maps discovered:
D:1:      dpeg_arrival_central, layout_basic, basic_ecumenical_altar
D:2:      kb_forest_paths, layout_basic, kennysheep_generic_room_5,
          uniq_jessica, uniq_natasha
D:3:      layout_basic, hex_large, uniq_crazy_yiuf_cottage, uniq_terence
D:4:      layout_gridville, minmay_temple_entry_fiery, portal_sewer_entry_f,
          minmay_misc_feat_enclosed

Skill      XL: |  1  2  3  4  5 |
---------------+----------------+-----
Fighting       | 4 5 6 7 |  7.7
Maces & Flails | |  2.0
Armour         | |  3.2
Shields        | |  3.2

Action                   |  1- 3 |  4- 6 || total
-------------------------+-------+-------++-------
Melee: Flail             |    96 |   138 ||   234
  Use: Scroll            |       |     6 ||     6
       Potion            |       |     2 ||     2
Armor: Scale mail        |    52 |    58 ||   110
Dodge: Dodged            |    53 |    60 ||   113
Block: Buckler           |    22 |    54 ||    76
       Reflection        |       |     2 ||     2

Table legend: (Time is in decaauts)
 A = Elapsed time spent in this place.
 B = Non-inter-level travel time spent in this place.
 C = Inter-level travel time spent in this place.
 D = Time resting spent in this place.
 E = Time spent auto-exploring this place.
 F = Levels seen in this place.
 G = Mean time per level.
                   A        B        C        D        E       F      G
               +--------+--------+--------+--------+--------+-----+--------+
         Total |   4006 |   3616 |    390 |      0 |   3036 |   4 | 1001.5 |
       Dungeon |   4006 |   3616 |    390 |      0 |   3036 |   4 | 1001.5 |
               +--------+--------+--------+--------+--------+-----+--------+

Top non-repeatable levels by time:
     D:2: 1644 daAuts
     D:1: 1207 daAuts
     D:3: 1136 daAuts
     D:4: 17 daAuts
